 Dungeon Crawl Stone Soup version 0.25-a0-55-g0753fd1ad2 (webtiles) character file.

Game seed: 15730910355889864348, levelgen mode: deterministic

1911 Kae the Magician (level 9, 0/69 HPs)
             Began as a Gnoll Skald on Oct 25, 2019.
             Was a Follower of Makhleb.
             Splashed by Maurice's acid (10 damage)
             ... on level 8 of the Dungeon.
             The game lasted 00:09:45 (8235 turns).

Kae the Magician (Gnoll Skald)                      Turns: 8235, Time: 00:09:46

Health: 0/69       AC:  3    Str: 22    XL:     9   Next: 16%
Magic:  24/27      EV: 16    Int: 17    God:    Makhleb [*.....]
Gold:   444        SH:  9    Dex: 20    Spells: 9/20 levels left

rFire    . . .     SeeInvis .   y - +5 mace of the Morning {pain, Dex+5 Stlth+}
rCold    . . .     Gourm    +   q - +3 buckler
rNeg     . . .     Faith    .   t - +3 leather armour "Ebygan" {Str+7 Stlth+}
rPois    +         Spirit   .   (no helmet)
rElec    .         Reflect  .   w - +0 cloak
rCorr    .         Harm     .   (no gloves)
MR       .....                  (no boots)
Stlth    +++++.....             l - amulet of the gourmand
HPRegen  0.21/turn              u - ring of poison resistance
MPRegen  0.20/turn              a - ring of magical power

@: infused, corroded
A: distributed training, fangs 1, strong nose
a: Renounce Religion


You were on level 8 of the Dungeon.
You worshipped Makhleb.
Makhleb was aware of your devotion.
You were not hungry.

You visited 2 branches of the dungeon, and saw 9 of its levels.

You collected 444 gold pieces.

Inventory:

Hand Weapons
 b - a +0 hunting sling
 y - the +5 mace of the Morning (weapon) {pain, Dex+5 Stlth+}
   (You found it on level 4 of the Dungeon)

   In the hands of one skilled in necromantic magic, it inflicts extra damage on
   living creatures.
   It affects your dexterity (+5).
   It makes you more stealthy.
Missiles
 j - 189 stones (quivered)
Armour
 q - a +3 buckler (worn)
 t - the +3 leather armour "Ebygan" (worn) {Str+7 Stlth+}
   (You found it on level 5 of the Dungeon)

   It affects your strength (+7).
   It makes you more stealthy.
 w - a +0 cloak (worn)
Jewellery
 a - a ring of magical power (right hand)
 g - a +4 ring of intelligence
 l - an amulet of the gourmand (around neck)
 m - an uncursed ring of fire
 o - an uncursed ring of protection from fire
 u - a ring of poison resistance (left hand)
 x - an uncursed ring of see invisible
 z - a cursed -5 ring of evasion
Wands
 e - a wand of flame (12)
 s - a wand of scattershot (7)
 C - a wand of acid (8)
Scrolls
 f - 2 scrolls of immolation
 h - 8 scrolls of teleportation
 n - 3 scrolls of identify
 B - 2 scrolls of magic mapping
 D - a scroll of enchant armour
 E - a scroll of fog {unknown}
 F - a scroll of remove curse
Potions
 c - 2 potions of resistance
 i - a potion of haste
 k - a potion of flight
 p - a potion of might
 r - 2 potions of cancellation
 A - a potion of curing
Comestibles
 d - 15 rations


   Skills:
 + Level 6.1 Fighting
 + Level 3.9 Short Blades
 + Level 6.1 Long Blades
 + Level 3.9 Axes
 + Level 3.9 Maces & Flails
 + Level 3.9 Polearms
 + Level 3.9 Staves
 + Level 3.9 Slings
 + Level 3.9 Bows
 + Level 3.9 Crossbows
 + Level 3.9 Throwing
 + Level 4.7 Armour
 + Level 6.1 Dodging
 + Level 3.9 Stealth
 + Level 3.9 Shields
 + Level 3.9 Unarmed Combat
 + Level 6.4 Spellcasting
 + Level 3.2 Conjurations
 + Level 3.2 Hexes
 + Level 6.4 Charms
 + Level 3.2 Summonings
 + Level 3.2 Necromancy
 + Level 3.2 Translocations
 + Level 3.2 Transmutations
 + Level 3.2 Fire Magic
 + Level 3.2 Ice Magic
 + Level 3.2 Air Magic
 + Level 3.2 Earth Magic
 + Level 3.2 Poison Magic
 + Level 4.3 Invocations
 + Level 3.9 Evocations


You had 9 spell levels left.
You knew the following spells:

 Your Spells              Type           Power        Failure   Level  Hunger
a - Infusion              Chrm           ####         1%          1    None
b - Song of Slaying       Chrm           ####....     1%          2    None
c - Shroud of Golubria    Chrm/Tloc      ###...       3%          2    None
d - Regeneration          Chrm/Necr      ###.......   6%          3    ##.....
e - Spectral Weapon       Hex/Chrm       ###.....     6%          3    ##.....

Your spell library contained the following spells:

 Spells                   Type           Power        Failure   Level  Hunger
 Shock                    Conj/Air       ###.         3%          1    None
 Swiftness                Chrm/Air       ###.....     3%          2    None
 Static Discharge         Conj/Air       ###.....     12%         3    ##.....
 Airstrike                Air            ###.......   36%         4    ####...
 Lightning Bolt           Conj/Air       ###.......   71%         5    #####..


Dungeon Overview and Level Annotations

Branches:
Dungeon (8/15)             Temple (1/1) D:7
   Lair: D:8-11

Altars:
Cheibriados
Dithmenos
Elyvilon
Fedhas
Gozag
Kikubaaqudgha
Makhleb
Qazlal
Ru
Sif Muna
Trog
Uskayaw
Vehumet
Wu Jian
Xom
Yredelemnul
Zin
The Shining One

Shops:
D:6 :

Annotations:
D:8 Maurice


Innate Abilities, Weirdness & Mutations

Your experience applies equally to all skills.
You have very sharp teeth.
Your uncanny sense of smell can sniff out nearby items.


Message History

You hit Maurice.
Maurice writhes in agony.
You bite Maurice, but do no damage.
Maurice is moderately wounded.
Maurice gestures wildly while chanting.
Maurice puts on a burst of speed!
You sock Maurice!
Maurice writhes in agony.
You bite Maurice, but do no damage.
Maurice is heavily wounded.
You block Maurice's attack.
You closely miss Maurice. You bite Maurice.
Maurice is heavily wounded.
Maurice hits you but does no damage.
You hit Maurice.
Maurice is heavily wounded.
Maurice gestures wildly while chanting.
Maurice blinks!
Maurice zaps a wand.
The bolt of acid hits you!
You are splashed with acid!
* * * LOW HITPOINT WARNING * * *
Maurice zaps a wand.
The bolt of acid hits you!
* * * LOW HITPOINT WARNING * * *
The acid corrodes you!
You are splashed with acid!
You die...

.# ##.# #..## #.#.###
########'#....
#.........@#
#.....@....############
#......§...............
#........†......#######
...≈.....†.#####.#
..[≈............>#
##.≈.......#####.#
#.........# #.#
#.........#####.# ##
..............#.# #.


You could see Maurice.

Vanquished Creatures
  2 orc warriors
  An ice beast (D:7)
  2 necrophages
  3 ogres
  2 bullfrogs
  A scorpion (D:4)
  3 howler monkeys (D:7)
  A crimson imp (D:6)
  5 hounds
  An orc priest (D:7)
  Crazy Yiuf (D:4)
  A jelly (D:6)
  6 orc wizards
  Jessica (D:3)
  4 iguanas
  3 worker ants
  2 killer bee zombies (D:6)
  A hound skeleton (D:8)
  10 adders
  An ooze (D:3)
  2 adder skeletons (D:5)
  2 worms
  2 dart slugs (D:1)
  6 leopard geckos
  13 orcs
  8 giant cockroaches
  8 hobgoblins
  6 jackals
  2 quokkas
  2 ball pythons (D:4)
  11 bats
  8 frilled lizards
  9 goblins
  A jackal skeleton (D:4)
  7 kobolds
  A quokka zombie (D:8)
  4 rats
143 creatures vanquished.

Notes
Turn   | Place    | Note
-------+----------+-------------------------------------------
     0 | D:1      | Kae the Gnoll Skald began the quest for the Orb.
     0 | D:1      | Reached XP level 1. HP: 20/20 MP: 6/6
   402 | D:1      | Reached XP level 2. HP: 22/26 MP: 7/7
   896 | D:1      | Reached XP level 3. HP: 31/31 MP: 9/9
   911 | D:1      | Reached skill level 5 in Spellcasting
  1284 | D:2      | Reached skill level 1 in Invocations
  1581 | D:2      | Reached skill level 1 in Short Blades
  1581 | D:2      | Reached skill level 1 in Axes
  1581 | D:2      | Reached skill level 1 in Maces & Flails
  1581 | D:2      | Reached skill level 1 in Polearms
  1581 | D:2      | Reached skill level 1 in Staves
  1581 | D:2      | Reached skill level 1 in Slings
  1581 | D:2      | Reached skill level 1 in Bows
  1581 | D:2      | Reached skill level 1 in Crossbows
  1581 | D:2      | Reached skill level 1 in Throwing
  1581 | D:2      | Reached skill level 1 in Stealth
  1581 | D:2      | Reached skill level 1 in Shields
  1581 | D:2      | Reached skill level 1 in Unarmed Combat
  1581 | D:2      | Reached skill level 1 in Evocations
  1584 | D:2      | Reached XP level 4. HP: 17/38 MP: 6/11
  2527 | D:3      | Learned a level 2 spell: Song of Slaying
  2530 | D:3      | Learned a level 2 spell: Shroud of Golubria
  2534 | D:3      | Learned a level 3 spell: Regeneration
  2538 | D:3      | Learned a level 3 spell: Spectral Weapon
  2646 | D:3      | Noticed Jessica
  2657 | D:3      | Killed Jessica
  2657 | D:3      | Reached skill level 1 in Conjurations
  2657 | D:3      | Reached skill level 1 in Hexes
  2657 | D:3      | Reached skill level 1 in Summonings
  2657 | D:3      | Reached skill level 1 in Necromancy
  2657 | D:3      | Reached skill level 1 in Translocations
  2657 | D:3      | Reached skill level 1 in Transmutations
  2657 | D:3      | Reached skill level 1 in Fire Magic
  2657 | D:3      | Reached skill level 1 in Ice Magic
  2657 | D:3      | Reached skill level 1 in Air Magic
  2657 | D:3      | Reached skill level 1 in Earth Magic
  2657 | D:3      | Reached skill level 1 in Poison Magic
  2922 | D:3      | Reached XP level 5. HP: 28/43 MP: 12/12
  4019 | D:4      | You fall into a shaft and drop 2 floors!
  4027 | D:5      | Entered Level 5 of the Dungeon
  4071 | D:5      | Got a translucent leather armour
  4082 | D:5      | Identified the +3 leather armour "Ebygan" {Str+7 Stlth+}
                  | (You found it on level 5 of the Dungeon)
  4113 | D:5      | Reached XP level 6. HP: 45/50 MP: 13/13
  4246 | D:5      | Found a shimmering blue altar of Sif Muna.
  4614 | D:5      | Found a radiant altar of Vehumet.
  4790 | D:4      | Found an opulent altar of Gozag.
  5195 | D:4      | Reached skill level 5 in Fighting
  5195 | D:4      | Reached skill level 5 in Long Blades
  5195 | D:4      | Reached skill level 5 in Dodging
  5376 | D:4      | Found a runed translucent door.
  5377 | D:4      | Noticed Crazy Yiuf
  5533 | D:4      | Reached XP level 7. HP: 41/56 MP: 6/15
  5960 | D:4      | Killed Crazy Yiuf
  5965 | D:4      | Got a shimmering mace
  5966 | D:4      | Identified the +5 mace of the Morning {pain, Dex+5 Stlth+}
                  | (You found it on level 4 of the Dungeon)
  6095 | D:6      | HP: 2/56 [orc warrior/cursed -1 short sword (8)]
  6856 | D:6      | Found Ixingapp's Book Boutique.
  6877 | D:6      | Reached XP level 8. HP: 63/63 MP: 16/16
  7315 | D:7      | Found a staircase to the Ecumenical Temple.
  7346 | Temple   | Entered the Ecumenical Temple
  7510 | Temple   | Became a worshipper of Makhleb the Destroyer
  7886 | D:8      | Reached XP level 9. HP: 40/69 MP: 18/18
  8138 | D:8      | Reached * piety under Makhleb
  8219 | D:8      | Noticed Maurice
  8235 | D:8      | Splashed by Maurice's acid

Levels and vault maps discovered:
D:1:      lightli_arrival_farm, layout_basic, minivault_4, minmay_domino_4
D:2:      layout_loops_corners
D:3:      layout_basic, uniq_jessica
D:4:      layout_layer_cave, old_standard_altar, portal_sewer_entry_f,
          uniq_crazy_yiuf_cottage
D:5:      layout_basic, lemuel_blue_sif_altar, first_ration, basic_altar
D:6:      layout_cave_pools, serial_shops,
          nicolae_shop_competitors_out_of_business
D:7:      layout_rooms, minmay_temple_entry_crystal_x
D:8:      layout_basic, kennysheep_mini_moat, old_standard_altar,
          grunt_ogre_cave, kennysheep_generic_room_8, uniq_maurice
Temple:   eino_temple_rhombus

Table legend:
 A = Non-vault XP
 B = Vault XP
 C = Vault XP percentage of total XP
 D = Non-vault monster count
 E = Vault monster count
 F = Vault count percentage of total count
                 A         B        C        D         E       F
            +---------+---------+-------+---------+---------+-------
      Total |    2628 |     102 |   3.7 |     131 |      12 |   8.4
            +---------+---------+-------+---------+---------+-------
        D:1 |      33 |       8 |  19.5 |      19 |       4 |  17.4
        D:2 |      55 |       0 |   0.0 |      17 |       0 |   0.0
        D:3 |      65 |      37 |  36.3 |      20 |       1 |   4.8
        D:4 |     372 |      57 |  13.3 |      14 |       7 |  33.3
        D:5 |      86 |       0 |   0.0 |       7 |       0 |   0.0
        D:6 |     762 |       0 |   0.0 |      19 |       0 |   0.0
        D:7 |     747 |       0 |   0.0 |      19 |       0 |   0.0
        D:8 |     508 |       0 |   0.0 |      16 |       0 |   0.0
            +---------+---------+-------+---------+---------+-------
